 Dungeon Crawl Stone Soup version 0.31.0-32-g396128a36d (webtiles) character file.

Game seed: 5575444026232624146

7 Dvallin the Ruffian (level 1, 16/16 HPs)
             Began as a Draconian Shapeshifter on Mar 31, 2024.
             Was a Follower of Lugonu.
             Quit the game on level 1 of the Dungeon.
             The game lasted 00:01:52 (266 turns).

Dvallin the Ruffian (Draconian Shapeshifter)         Turns: 266, Time: 00:01:52

Health: 16/16      AC:  4    Str: 16    XL:     1   Next: 91%
Magic:  1/1        EV: 12    Int: 10    God:    Lugonu [*.....]
Gold:   0          SH:  0    Dex: 10    Spells: 0/0 levels left

rFire   . .          .
                       - Unarmed
rCold   . . .        (no shield)
rNeg    . . .        (body armour unavailable)
rPois   .            (helmet currently unavailable)
rElec   .            (cloak currently unavailable)
rCorr   .            (gloves currently unavailable)
SInv    .            (boots currently unavailable)
Will    .....        (no amulet)
Stlth   +            (no ring)
HPRegen 0.22/turn    (no ring)
MPRegen 0.07/turn

%: no passive effects
@: beast-form
A: beast (slay +1), AC +4, unfitting armour, cold-blooded
a: Begin Untransformation, Renounce Religion, Depart the Abyss


You were on level 1 of the Dungeon.
You worshipped Lugonu.
Lugonu was aware of your devotion.
You were a hulking beast.
You visited 1 branch of the dungeon, and saw 1 of its levels.

Inventory:

Talismans
 b - a beast talisman
 c - a flux talisman
Potions
 a - a potion of lignification


   Skills:
 - Level 1.1 Fighting
 - Level 1.7 Dodging
 * Level 3.3 Unarmed Combat
 + Level 3.1 Shapeshifting


You couldn't memorise any spells.
You didn't know any spells.
Your spell library was empty.

Dungeon Overview and Level Annotations

Branches:
Dungeon (1/15)

Altars:
Lugonu


Innate Abilities, Weirdness & Mutations

You are a hulking beast.
Your limbs bulge with bestial killing power. (Slay +1)
Your plain brown scales are hard. (AC +4)
You cannot fit into any form of body armour.
You are cold-blooded and may be slowed by cold attacks.


Message History

The bat closely misses you.
You miss the bat. The bat hits you but does no damage.
You closely miss the bat.
Your tail-slap misses the bat.
The bat closely misses you. The bat barely misses you.
You closely miss the bat. The bat hits you but does no damage.
The bat misses you.
You hit the bat.
The bat is heavily wounded.
The bat misses you.
You hit the hobgoblin.
You kill the hobgoblin!
The bat misses you.
You hit the bat.
You kill the bat!
Items here: ( ) ††.
Okay, then.
You start resting.
HP restored.
Items here: ( ) ††.
There is a stone staircase leading down here.
An endoplasm comes into view.
The endoplasm quivers.
You hit the endoplasm.
The endoplasm is lightly wounded.
The endoplasm barely misses you.
You hit the endoplasm.
You kill the endoplasm!
No target in view!
As you open the door, it creaks loudly!
Found 5 stones.
There is an open door here.
You open the door.
Found a faded altar of an unknown god.
There is an open door here.
There is a faded altar of an unknown god here.
This altar belongs to (a) Okawaru, (b) Lugonu or (c) Yredelemnul, but you can't tell which.
Press the corresponding letter to learn more about a god, or press enter to convert or escape to cancel.
Lugonu accepts your prayer! Lugonu welcomes you!
You can now depart the Abyss.
Are you sure you want to abandon this character and quit the game? (Confirm with "yes".)

#.#..#####>####.#
..#..# #.# #.# ###..#
#.####.##.##.# #....#
#............# ###..#
##.#########.# .....#
#.#.......#
####.######.#.......#
#........#..###..#
#######..#..'h#..#
##.#..###..#
#.#...(...#
#.#.......#
#.####'####..#
#............#
##............
#####.####### #.#


There were no monsters in sight!

Vanquished Creatures
  An endoplasm (D:1)
  2 hobgoblins (D:1)
  A kobold (D:1)
  2 bats (D:1)
6 creatures vanquished.

Notes
Turn   | Place    | Note
-------+----------+-------------------------------------------
     0 | D:1      | Dvallin the Draconian Shapeshifter began the quest for the
                  | Orb.
     0 | D:1      | Reached XP level 1. HP: 16/16 MP: 1/1
   262 | D:1      | Found a faded altar of an unknown god.
   265 | D:1      | Prayed at the altar of an unknown god.
   265 | D:1      | Became a worshipper of Lugonu the Unformed
   265 | D:1      | Reached * piety under Lugonu
   266 | D:1      | Quit the game

Illustrated notes

Levels and vault maps discovered:
D:1:      evilmike_arrival_hilbert_curve, layout_loops_ring,
          hellmonk_ecumenical_altar_inner_sanctum, minmay_box_of_dots

Action                     || total
---------------------------++-------
  Melee: Unarmed           ||    16
         Punch             ||     1
 Armour: Skin              ||    11
  Dodge: Dodged            ||    11
